Map: Acid Plant LE

Players

HeroMarine - Winner!

  • Race: Terran Terran
  • Spawn Location: 5:00

mLty

  • Race: Zerg Zerg
  • Spawn Location: 11:00

Event: WCS Montreal 2018

VOD

Have the link to the VOD?

Description

Time

  • Played on: Sept. 7, 2018, 12:21 p.m.
  • Length: 7:13

All games in this series

Show
View Real Time Build Order
Export as new Build Order

HeroMarine Terran - Winner!

Build Orders: Cyclone Opening, Gas First Reaper Expand, Reaper Expand 

Get SALT Encoding   

  12  0:00  SCV  
  13  0:12  SCV  
  14  0:17  Supply Depot  
  14  0:24  SCV  
  15  0:29  Refinery  
  15  0:39  SCV  
  16  0:45  Barracks  
  16  0:51  SCV  
  17  1:03  SCV  
  18  1:15  SCV  
  19  1:31  Reaper  
  19  1:32  Orbital Command  
  20  1:42  Command Center  
  20  1:53  Factory  
  20  1:57  SCV  
  21  2:04  Refinery  
  21  2:07  Barracks Reactor  
  21  2:09  SCV  
  22  2:17  Supply Depot  
  22  2:21  SCV  
  23  2:38  SCV  
  23  2:40  Starport  
  23  2:43  Marine x2  
  26  2:50  SCV  
  27  2:54  Cyclone  
  27  2:57  Orbital Command  
  30  3:02  SCV  
  31  3:06  Marine x2  
  33  3:15  SCV  
  33  3:16  Medivac  
  36  3:23  SCV  
  36  3:27  SCV  
  38  3:34  Barracks Tech Lab  
  38  3:35  SCV, Supply Depot  
  38  3:39  SCV  
  40  3:41  Hellion  
  40  3:42  Hellion  
  40  3:47  SCV  
  45  3:51  SCV  
  46  3:58  Supply Depot  
  46  4:01  SCV  
  47  4:03  SCV  
  47  4:08  Hellion  
  47  4:09  Banshee, Hellion, Cloaking Field  
  51  4:14  SCV  
  54  4:20  Supply Depot  
  54  4:24  SCV  
  54  4:26  SCV  
  56  4:34  Armory  
  56  4:37  SCV, Hellion x2  
  61  4:40  SCV  
  62  4:49  SCV  
  62  4:52  SCV  
  63  4:54  Banshee  
  66  5:01  SCV  
  66  5:02  Command Center  
  66  5:06  SCV  
  68  5:09  Refinery  
  68  5:10  Hellion, Refinery  
  70  5:23  Supply Depot  
  70  5:31  SCV x2  
  69  5:40  Factory  
  69  5:42  Factory  
  69  5:43  SCV  
  69  5:44  Hellion  
  69  5:45  SCV, Hellion  
  69  5:49  Supply Depot  
  73  5:50  Supply Depot  
  73  5:51  Barracks Tech Lab  
  73  5:54  Starport Reactor  
  73  5:55  SCV  
  74  5:57  SCV  
  75  6:06  Hellion  
  75  6:07  SCV  
  75  6:10  SCV, Supply Depot  
  75  6:11  Hellion  
  81  6:19  SCV  
  81  6:23  SCV  
  83  6:27  Refinery  
  83  6:30  Refinery  
  83  6:31  SCV  
  84  6:35  SCV  
  91  6:40  Supply Depot  
  91  6:42  Medivac x2  
  91  6:43  SCV  
  103  6:47  SCV  
  100  6:56  SCV  
  100  6:59  SCV  
  103  7:09  Armory, Factory  
  103  7:10  Factory  
Show
View Real Time Build Order
Export as new Build Order

mLty Zerg 

Build Orders: Hatch First 

Get SALT Encoding   

  12  0:01  Drone  
  13  0:12  Overlord  
  13  0:16  Drone  
  14  0:31  Drone x2  
  16  0:49  Hatchery  
  15  0:51  Drone  
  15  0:55  Drone  
  17  1:00  Drone  
  18  1:10  Extractor  
  17  1:14  Spawning Pool  
  17  1:18  Drone  
  17  1:22  Drone  
  18  1:28  Drone  
  19  1:45  Overlord  
  19  2:01  Queen x2  
  19  2:02  Zergling x6  
  26  2:12  Drone x2  
  28  2:16  Metabolic Boost  
  28  2:22  Drone  
  29  2:23  Drone  
  30  2:42  Drone, Hatchery  
  30  2:43  Drone  
  31  2:56  Drone x2  
  31  2:57  Drone x2  
  35  3:07  Overlord  
  35  3:10  Overlord  
  35  3:17  Drone  
  36  3:25  Queen x2  
  40  3:31  Drone  
  40  3:32  Drone x5  
  46  3:41  Drone  
  47  3:53  Overlord x2  
  47  3:56  Queen  
  49  4:08  Zergling x4  
  49  4:10  Overlord  
  48  4:22  Spine Crawler  
  48  4:23  Spine Crawler  
  43  4:33  Zergling x18  
  51  4:39  Zergling x2  
  51  4:40  Zergling x10  
  56  5:01  Queen  
  58  5:20  Queen x2  
  58  5:21  Zergling x4  
  64  5:23  Drone x8  
  64  5:24  Drone x2  
  59  5:37  Zergling x2  
  59  5:38  Zergling x6  
  62  5:44  Queen  
  64  6:00  Zergling x16  
  64  6:01  Zergling x2  
  70  6:05  Baneling Nest  
  70  6:06  Spore Crawler x2  
  70  6:09  Queen  
  66  6:31  Spine Crawler  
  64  6:36  Spine Crawler  
  64  6:38  Spine Crawler  
  50  6:59  Hatchery  
  49  7:10  Hatchery  
Tags
 
Add a new tag
Caveats
  • Supply blocks, unpowered buildings, or Contaminate may cause inaccurate times.
  • Supply counts are checked every 10 seconds.